 Dungeon Crawl Stone Soup version 0.30.0-10-gfe55d96785 (webtiles) character file.

Game seed: 16845170190461108348

569 Kranky the Trooper (level 7, 0/62 HPs)
             Began as a Minotaur Gladiator on May 14, 2023.
             Succumbed to a gnoll's poison
             ... on level 4 of the Dungeon.
             The game lasted 00:05:49 (4173 turns).

Kranky the Trooper (Minotaur Gladiator)             Turns: 4173, Time: 00:05:50

Health: 0/62       AC:  7    Str: 26    XL:     7   Next: 11%
Magic:  6/6        EV: 11    Int:  5    God:
Gold:   139        SH:  0    Dex: 12    Spells: 6/6 levels left

rFire   . . .        w - +7 Throatcutter {drain, coup de grace}
rCold   . . .        (no shield)
rNeg    . . .        u - +0 scale mail
rPois   +            c - +0 hat
rElec   .            (no cloak)
rCorr   .            (no gloves)
SInv    .            (no boots)
Will    .....        (no amulet) Stlth
                     n - ring of poison resistance
HPRegen 0.30/turn    q - +6 ring of strength
MPRegen 0.10/turn

%: no passive effects
@: lethally poisoned (0 -> -1)
A: horns 2, retaliatory headbutt
a: no special abilities


You were on level 4 of the Dungeon.
You visited 1 branch of the dungeon, and saw 4 of its levels.

You collected 139 gold pieces.

Inventory:

Hand Weapons
 a - a +0 trident
 w - the +7 Throatcutter (weapon) {drain, coup de grace}
   (You found it on level 3 of the Dungeon)
Missiles
 d - 3 throwing nets (quivered)
 e - a javelin
Armour
 b - a +0 leather armour
 c - a +0 hat (worn)
 u - a +0 scale mail (worn)
Jewellery
 n - a ring of poison resistance (left hand)
 q - a +6 ring of strength (right hand)
Wands
 t - a wand of flame (39)
 z - a wand of roots (8)
Scrolls
 f - 2 scrolls of poison {unknown}
 h - 4 scrolls of amnesia {unknown}
 i - a scroll of butterflies {unknown}
 j - a scroll of torment {unknown}
 m - 3 scrolls of teleportation {unknown}
 p - 2 scrolls of blinking {unknown}
 s - 2 scrolls of magic mapping {unknown}
 x - 2 scrolls of identify {unknown}
 y - a scroll of noise {unknown}
Potions
 g - a potion of brilliance {unknown}
 k - a potion of flight {unknown}
 l - a potion of cancellation
 o - a potion of lignification {unknown}
 r - 3 potions of curing {unknown}
 v - a potion of mutation {unknown}
 A - a potion of berserk rage {unknown}


   Skills:
 + Level 5.9 Fighting
 + Level 3.1 Long Blades
 - Level 5.0 Polearms
 - Level 2.0 Throwing
 + Level 5.2 Armour
 - Level 3.2 Dodging


You had 6 spell levels left.
You didn't know any spells.
Your spell library contained the following spells:

 Spells                   Type           Power      Damage    Failure   Level
 Blink                    Tloc           0%         N/A       86%         2
 Lesser Beckoning         Tloc           0%         N/A       86%         2
 Momentum Strike          Conj/Tloc      0%         3d8       86%         2
 Dazzling Flash           Conj/Hex       0%         N/A       98%         3
 Volatile Blastmotes      Fire/Tloc      0%         2d10      98%         3
 Iskenderun's Mystic Bla  Conj/Tloc      0%         2d3       100%        4
 Starburst                Conj/Fire      0%         6d3       100%        6


Dungeon Overview and Level Annotations

Branches:
Dungeon (4/15)
 Temple: D:4-7

Altars:
Okawaru
Yredelemnul

Annotations:
D:3 1 runed translucent door
D:4 3 runed translucent doors


Innate Abilities, Weirdness & Mutations

You have a pair of horns on your head.
You reflexively headbutt those who attack you in melee.


Message History

The gnoll bouda hits you with a +0 whip.
The gnoll hits you but does no damage.
You slash the gnoll bouda! You drain the gnoll bouda.
You kill the gnoll bouda!
The gnoll barely misses you.
The gnoll hits you with a +1 flail of venom!
You completely miss the gnoll.
You headbutt the gnoll, but do no damage.
The gnoll hits you from afar with a +0 spear.
The gnoll hits you but does no damage.
You are poisoned.
The gnoll hits you with a +1 flail of protection!
You slash the gnoll! Your headbutt misses the gnoll.
The gnoll is severely wounded.
You feel very sick.
The gnoll hits you from afar with a +0 spear.
The gnoll hits you with a +1 flail of venom!
The gnoll barely misses you. You furiously retaliate!
You headbutt the gnoll!
You are too injured to fight recklessly!
You are too injured to fight recklessly!
You are too injured to fight recklessly!
Unknown command.
You feel sick. The gnoll barely misses you.
The gnoll hits you with a +1 flail of venom.
* * * LOW HITPOINT WARNING * * *
The gnoll attacks as you move away! The gnoll completely misses you.
You furiously retaliate!
You headbutt the gnoll!
You kill the gnoll!
The gnoll attacks as you move away! The gnoll closely misses you.
You feel sick.
You feel sick. The gnoll attacks as you move away!
The gnoll hits you with a +1 flail of venom.
* * * LOW HITPOINT WARNING * * *
You feel sick.
You feel sick.
The gnoll hits you with a +1 flail of venom.
* * * LOW HITPOINT WARNING * * *
It was a potion of cancellation.
You feel magically purged.
You die...

#.# ###...#..# ##..##
..# #####..# ###...# ###
#.####†....# #
#..........### #
##....#####...# ##
#.....# #..## .#
##.....# ###.## .##
#####......###...## ..##
..##.......@gg....#
...##.....#........##).#
......#
####.....#####).#
###...#### ##...## ..#
##.....####..## ...# #
##........#.. ....# #
#....##...... ......
###...## ##... ...#...
.#....# ..####.


You could see 2 gnolls.

Vanquished Creatures
  A kobold brigand (D:3)
  A bullfrog zombie (D:4)
  A hound (D:4)
  2 centaur zombies (D:4)
  A gnoll bouda (D:4)
  A human skeleton (D:3)
  Ijyb (D:4)
  Natasha (twice) (D:4)
  2 scorpion zombies (D:4)
  A hound zombie (D:4)
  2 hound skeletons (D:4)
  Robin (D:2)
  A gnoll (D:4)
  2 adders
  2 adder skeletons (D:4)
  2 worms (D:2)
  A dart slug (D:1)
  8 orcs (D:4)
  7 endoplasms
  15 goblins
  11 hobgoblins
  3 jackals (D:1)
  4 quokkas
  9 ball pythons
  6 bats
  3 frilled lizards
  A jackal zombie (D:3)
  13 kobolds
  A kobold skeleton (D:3)
  A rat (D:2)
106 creatures vanquished.

Notes
Turn   | Place    | Note
-------+----------+-------------------------------------------
     0 | D:1      | Kranky the Minotaur Gladiator began the quest for the Orb.
     0 | D:1      | Reached XP level 1. HP: 18/18 MP: 0/0
    96 | D:1      | Reached skill level 1 in Armour
    98 | D:1      | Reached XP level 2. HP: 25/25 MP: 1/1
   467 | D:1      | Reached XP level 3. HP: 31/31 MP: 2/2
   505 | D:1      | Found a faded altar of an unknown god.
   936 | D:2      | Noticed Robin
  1035 | D:2      | Killed Robin
  1222 | D:2      | Reached XP level 4. HP: 36/39 MP: 3/3
  2810 | D:3      | Found a runed translucent door.
  2810 | D:3      | Noticed a human
  2811 | D:3      | Found a basalt altar of Yredelemnul.
  2883 | D:3      | Reached skill level 5 in Polearms
  3112 | D:3      | Reached XP level 5. HP: 46/46 MP: 4/4
  3172 | D:3      | Found the +7 Throatcutter {drain, coup de grace}
  3593 | D:4      | Found a runed translucent gate.
  3594 | D:4      | Found a runed translucent gate.
  3595 | D:4      | Found a runed translucent gate.
  3625 | D:4      | Noticed Ijyb
  3628 | D:4      | Killed Ijyb
  3763 | D:4      | Found an iron altar of Okawaru.
  3767 | D:4      | Reached skill level 1 in Long Blades
  3778 | D:4      | Noticed Natasha
  3782 | D:4      | Killed Natasha
  3783 | D:4      | Reached skill level 5 in Fighting
  3783 | D:4      | Reached XP level 6. HP: 50/56 MP: 5/5
  3905 | D:4      | Noticed Natasha
  3909 | D:4      | Killed Natasha
  3923 | D:4      | Reached skill level 5 in Armour
  3930 | D:4      | Reached XP level 7. HP: 56/62 MP: 6/6
  4172 | D:4      | HP: 1/62 [gnoll/+1 flail of venom[a gnoll bouda] (4)]
  4173 | D:4      | Succumbed to a gnoll's poison

Illustrated notes

Levels and vault maps discovered:
D:1:      dpeg_arrival_morbid_curiosity, layout_loops_ring,
          basic_ecumenical_altar, minmay_misc_feat_columns,
          minmay_misc_feat_hallway
D:2:      minmay_inner_zag, layout_loops_ring, serial_forest,
          infiniplex_forest_lined_3, infiniplex_forest_lined_2,
          infiniplex_forest_clump_diagonal, infiniplex_forest_zigzag_2,
          infiniplex_forest_lined_room_3, infiniplex_forest_clump_double,
          infiniplex_forest_end_1, uniq_robin
D:3:      layout_basic, dk_yredelemnul_ordeal, nicolae_eternal_life,
          dilly_guarded_unrand_throatcut
D:4:      layout_layer_cave, okawaru_trees_1, gammafunk_ghost_icy,
          serial_undead, serial_undead_a, serial_undead_b, serial_undead_a,
          serial_undead_f, uniq_natasha, uniq_ijyb

Skill      XL: |  1  2  3  4  5  6  7 |
---------------+----------------------+-----
Armour         | 1 2 3 4 5 |  5.2
Polearms       | 4 5 |  5.0
Fighting       | 3 4 5 |  5.9
Long Blades    | 1 2 3 |  3.1
Throwing       | |  2.0
Dodging        | |  3.2

Action                     |  1- 3 |  4- 6 |  7- 9 || total
---------------------------+-------+-------+-------++-------
  Melee: Trident           |    95 |    84 |       ||   179
         Headbutt          |     5 |    17 |     1 ||    23
         Punch             |       |     1 |       ||     1
         Long sword        |       |    42 |     9 ||    51
    Use: Potion            |       |       |     1 ||     1
 Armour: Leather armour    |    21 |     5 |       ||    26
         Scale mail        |       |    44 |     2 ||    46
  Dodge: Dodged            |    49 |    68 |     7 ||   124
